 Dungeon Crawl Stone Soup version 0.21.1-1-g345015fe64 (webtiles) character file.

31 DildoBatman the Vexing (level 3, 0/29 HPs)
             Began as a Formicid Enchanter on Mar 20, 2018.
             Succumbed to a worker ant's poison
             ... on level 2 of the Dungeon.
             The game lasted 00:02:02 (842 turns).

DildoBatman the Vexing (Formicid Enchanter)          Turns: 842, Time: 00:02:03

Health: 0/29       AC:  3    Str: 13    XL:     3   Next: 40%
Magic:  6/6        EV: 11    Int: 14    God:
Gold:   19         SH:  0    Dex: 11    Spells: 2/6 levels left

rFire    . . .     SeeInvis +   g - +2 dagger (flame)
rCold    . . .     Gourm    .   (no shield)
rNeg     . . .     Faith    .   m - +0 leather armour
rPois    .         Spirit   .   (helmet unavailable)
rElec    .         Reflect  .   (no cloak)
rCorr    .         Harm     .   (no gloves)
MR       .....                  (no boots)
Stlth    ++........             (no amulet)
HPRegen  0.09/turn              (no ring)
MPRegen  0.10/turn              (no ring)

@: lethally poisoned (0 -> -12), very slightly contaminated
A: permanent stasis, dig shafts and tunnels, four strong arms, antennae 3
a: Dig, Shaft Self


You were on level 2 of the Dungeon.
You were not hungry.

You visited 1 branch of the dungeon, and saw 2 of its levels.

You collected 19 gold pieces.

Inventory:

Hand Weapons
 g - a +2 dagger of flaming (weapon)
Missiles
 e - 43 stones (quivered)
 j - 15 arrows
 l - 6 poisoned needles
Armour
 m - a +0 leather armour (worn)
Scrolls
 d - a scroll of blinking {unknown}
 h - a scroll of noise {unknown}
 i - a scroll of fog {unknown}
 k - a scroll of identify {unknown}
Potions
 f - 2 potions of might {unknown}
Books
 c - a book of Maledictions

   Spells                             Type                      Level
   a - Corona                         Hexes                        1
   b - Ensorcelled Hibernation        Hexes/Ice                    2
   c - Confuse                        Hexes                        3
   d - Tukima's Dance                 Hexes                        3
   e - Dazzling Spray                 Conjuration/Hexes            3
Comestibles
 a - 5 chunks of flesh
 v - a ration


   Skills:
 - Level 3.0 Fighting
 - Level 1.0 Short Blades
 * Level 0.1 Armour
 * Level 1.8 Dodging
 * Level 3.6 Stealth
 - Level 2.1 Spellcasting
 - Level 3.6 Hexes


You had 2 spell levels left.
You knew the following spells:

 Your Spells              Type           Power        Failure   Level  Hunger
a - Corona                Hex            ##.....      7%          1    #......
b - Confuse               Hex            ##......     21%         3    ###....


Dungeon Overview and Level Annotations

Branches:
Dungeon (2/15)

Altars:
The Shining One


Innate Abilities, Weirdness & Mutations

You cannot be hasted, slowed, berserked, paralysed or teleported.
You can dig through walls and to a lower floor.
Your four strong arms can wield two-handed weapons with a shield.
You have a pair of large antennae on your head. (SInv)


Message History

The worker ant is lightly wounded.
The worker ant bites you but does no damage.
You hit the worker ant. You burn the worker ant.
The worker ant is moderately wounded.
You feel sick. The worker ant bites you. x2
You are lethally poisoned!
The worker ant poisons you!
You closely miss the worker ant.
The worker ant is moderately wounded.
You feel sick. The worker ant bites you.
You hit the worker ant but do no damage.
The worker ant is moderately wounded.
You feel sick. The worker ant misses you.
You barely miss the worker ant.
The worker ant is moderately wounded.
You die...

###. ...... .....#
#....# #.##.# #########
#.##.# #..$....## #.##.#
'........# ##<##.#
#.....a@.###.....#+#####
...........'............
#........###............
########.# #.....)......
#.# #............ #..
#####........ ##.
#........ .. #........
#......[.


You could see a worker ant.

Vanquished Creatures
  2 dart slugs (D:2)
  A leopard gecko (D:1)
  A goblin (D:1)
  2 hobgoblins (D:2)
  7 jackals (D:1)
  5 bats
  4 frilled lizards (D:1)
  A kobold (D:1)
  3 rats (D:1)
26 creatures vanquished.

Notes
Turn   | Place    | Note
-------+----------+-------------------------------------------
     0 | D:1      | DildoBatman the Formicid Enchanter began the quest for the Orb.
     0 | D:1      | Reached XP level 1. HP: 13/13 MP: 3/3
    63 | D:1      | Reached skill level 1 in Fighting
   128 | D:1      | Reached XP level 2. HP: 20/21 MP: 5/5
   580 | D:1      | Reached XP level 3. HP: 28/28 MP: 6/6
   585 | D:1      | Learned a level 3 spell: Confuse
   730 | D:2      | Found a glowing golden altar of the Shining One.
   841 | D:2      | HP: 1/29 [poisoned by a worker ant]
   842 | D:2      | Succumbed to a worker ant's poison

Skill      XL: |  1  2  3 |
---------------+----------+-----
Fighting       | 1 2 3 |  3.0
Short Blades   | |  1.0
Armour         | |  0.1
Dodging        | |  1.8
Stealth        | |  3.6
Spellcasting   | |  2.1
Hexes          | |  3.6

Action                   || total
-------------------------++-------
Melee: Dagger            ||    74
 Cast: Corona            ||     5
 Stab: Sleeping          ||     5
Armor: Robe              ||    17
       Leather armour    ||     2
Dodge: Dodged            ||    47
